 Dungeon Crawl Stone Soup version 0.30.0-29-ga12c61a403 (webtiles) character file.

Game seed: 11869941100746893296

8058 qw the Cleaver (level 11, -3/71 HPs)
             Began as a Gargoyle Fighter on June 5, 2023.
             Was an Elder of Okawaru.
             Slain by Sonja
             ... wielding a +2 short sword of distortion
              (19 damage)
             ... on level 1 of the Lair of Beasts.
             The game lasted 00:04:17 (8901 turns).

qw the Cleaver (Gargoyle Fighter)                   Turns: 8901, Time: 00:04:17

Health: -3/71      AC: 24    Str: 24    XL:     11   Next: 24%
Magic:  15/15      EV: 10    Int:  9    God:    Okawaru [****..]
Gold:   205        SH:  6    Dex:  9    Spells: 10/10 levels left

rFire   + . .        Y - +1 war axe (spect)
rCold   . . .        c - +0 buckler
rNeg    + . .        j - +0 chain mail
rPois   inf          (no helmet)
rElec   +            (no cloak)
rCorr   .            k - +1 pair of gloves
SInv    .            b - +0 pair of boots
Will    +....        (no amulet) Stlth
                     (no ring)
HPRegen 0.31/turn    (no ring)
MPRegen 0.14/turn

%: no passive effects
@: about to teleport, heroic
A: sickness immunity, AC +8, negative energy resistance 1, electricity
resistance, torment resistance 1, petrification resistance, fire resistance 1,
strong-willed 1
a: Renounce Religion, Heroism, Finesse


You were on level 1 of the Lair of Beasts.
You worshipped Okawaru.
Okawaru was greatly pleased with you.
You visited 3 branches of the dungeon, and saw 10 of its levels.
You also visited: Sewer.

You collected 591 gold pieces.
You spent 386 gold pieces at shops.


Innate Abilities, Weirdness & Mutations

You are immune to sickness and miasma.
Your stone body is resilient. (AC +8)
You are immune to poison.
You resist negative energy. (rN+)
You are resistant to electric shocks. (rElec)
You are resistant to unholy torment.
You are immune to petrification.
Your flesh is heat resistant. (rF+)
You are strong-willed. (Will+)


   Skills:
 - Level 9.0(14.0) Fighting
 + Level 11.3(16.3) Axes
 - Level 2.0(7.0) Throwing
 - Level 6.1(11.1) Armour
 - Level 2.3(7.3) Dodging
 - Level 5.3(10.3) Shields
 + Level 6.2 Invocations


You had 10 spell levels left.
You didn't know any spells.
Your spell library was empty.

Inventory:

Hand Weapons
 n - a +0 whip
 Y - a +1 spectral war axe (weapon)
Missiles
 f - 4 boomerangs (quivered)
Armour
 b - a +0 pair of boots (worn)
 c - a +0 buckler (worn)
 j - a +0 chain mail (worn)
 k - a +1 pair of gloves (worn)
Jewellery
 l - an amulet of guardian spirit
Scrolls
 a - a scroll of identify
 o - 5 scrolls of teleportation
Potions
 d - 3 potions of might
 e - 4 potions of magic
 g - 2 potions of heal wounds
 h - 2 potions of resistance
 i - a potion of attraction {unknown}
 m - 3 potions of lignification
 p - a potion of degeneration {unknown}
 q - 3 potions of mutation
 r - 8 potions of curing
 s - a potion of experience {unknown}

Dungeon Overview and Level Annotations

Branches:
Dungeon (8/15)             Temple (1/1) D:4            Lair (1/5) D:8
  Sewer (visited)

Altars:
Cheibriados
Dithmenos
Elyvilon
Fedhas
Gozag
Hepliaklqana
Kikubaaqudgha
Makhleb
Nemelex Xobeh
Okawaru
Qazlal
Ru
Sif Muna
Trog
Vehumet
Wu Jian
Xom

Shops:
D:6 *!

Annotations:
D:7 1 runed translucent door, Crazy Yiuf
Lair:1 Sonja


Message History

Your +1 spectral war axe disappears.
You block Sonja's attack. Sonja hits you but does no damage.
Space warps horribly around you. Sonja hits you but does no damage.
Space warps around you.
The blink frog hits you but does no damage.
The blink frog blinks!
Sonja hits you but does no damage. x2; You blink.
Enter note: Your surroundings suddenly seem different.
Found a stone staircase leading down.
Enter note:
Found a scroll labelled WOSEIZUANG.
Enter note: You start resting.
A bullfrog comes into view.
8891 ||| FLEEEEING.
8892 ||| FLEEEEING.
Enter note: Sonja shouts!
Sonja throws a curare-tipped dart.
The curare-tipped dart hits you.
Enter note:
8896 ||| Stepping ~*~*~tactically~*~*~ (hiding).
Enter note: The blink frog gives a loud, deep croak!
Enter note:
8898 ||| Stepping ~*~*~tactically~*~*~ (hiding).
The blink frog croaks.
Sonja throws a curare-tipped dart.
The curare-tipped dart hits you.
The blink frog blinks!
Sonja hits you but does no damage. Sonja completely misses you.
Sonja hits you with a +2 short sword of distortion.
Space warps around you. The blink frog hits you.
The blink frog blinks!
Enter note:
8901 ||| READING 6 scrolls of teleportation.
As you read the scroll of teleportation, it crumbles to dust.
You feel strangely unstable. Sonja completely misses you.
Sonja barely misses you. x2
The blink frog hits you but does no damage.
You block Sonja's attack. Sonja hits you but does no damage.
Space warps horribly around you!!
You die...

#... #....(P¤......#.
#.#.+#.+..(((......#.
####.....#.............#
........}.+.¤............
.....#....#.......%F.....
##.................%.¤.$.
.........#.............##
..}.....#K¤.F..........#
......##@#.##..#.......#
}...}..F.#####.##......#
.......#..#....?#.^......
..}......#.............#.
.........##....##......#.
.#...#.....#..##?..
....#.#.............
....P.#.#....>......
###......#.....#....


You could see 2 blink frogs and Sonja.

Vanquished Creatures
  Pikel (D:7)
  An oklob plant (D:7)
  Joseph (D:7)
  A cane toad (Lair:1)
  Maggie (D:7)
  3 blink frogs (Lair:1)
  A slime creature (D:6)
  3 wyverns (D:8)
  9 yaks (D:8)
  A basilisk (D:8)
  A steam dragon (D:8)
  5 water moccasins
  2 sky beasts
  3 black bears
  3 ogres
  A centaur (D:8)
  2 wolves (D:8)
  2 phantoms
  A lemure (D:7)
  4 scorpions
  3 bullfrogs
  10 wights
  A howler monkey (D:7)
  A gnoll bouda (D:8)
  5 orc priests
  3 hounds
  8 jellies
  3 sleepcaps
  An iguana (D:5)
  2 orc wizards
  Natasha (twice) (D:3)
  3 gnolls (D:8)
  4 river rats (Sewer)
  12 adders
  2 white imps
  An ufetubus (D:5)
  3 worms
  3 dart slugs
  20 orcs
  19 ball pythons
  6 bats
  19 endoplasms
  3 giant cockroaches
  9 goblins
  8 hobgoblins
  2 jackals (D:2)
  A quokka (D:1)
  9 frilled lizards
  8 kobolds
  23 rats
240 creatures vanquished.

Notes
Turn   | Place    | Note
-------+----------+-------------------------------------------
     0 | D:1      | qw the Gargoyle Fighter began the quest for the Orb.
     0 | D:1      | Reached XP level 1. HP: 14/14 MP: 1/1
     0 | D:1      | 0 ||| qw: Version: 0.2-a-108-gee2c290
     0 | D:1      | 0 ||| qw: Game counter: 1429
     0 | D:1      | 0 ||| qw: Always use a shield: true
     0 | D:1      | 0 ||| qw: God list: Okawaru
     0 | D:1      | 0 ||| qw: Allow faded altars: false
     0 | D:1      | 0 ||| qw: Do Orc after D:15 true
     0 | D:1      | 0 ||| qw: Do second Lair branch before Depths: true
     0 | D:1      | 0 ||| qw: Lair rune preference: random
     0 | D:1      | 0 ||| qw: Plans: Normal, Zot:1-4, Slime:5, God:TSO, Crypt,
                  | Tomb, Abyss, Pan, Hells, Win
     0 | D:1      | 0 ||| PLANNING D:1-11
    38 | D:1      | Reached skill level 2 in Axes
   132 | D:1      | Reached XP level 2. HP: 19/19 MP: 2/2
   258 | D:1      | 258 ||| DROPPING +0 club.
   294 | D:1      | 294 ||| Stepping ~*~*~tactically~*~*~ (stealth).
   307 | D:1      | 307 ||| Stepping ~*~*~tactically~*~*~ (stealth).
   308 | D:1      | 308 ||| Stepping ~*~*~tactically~*~*~ (stealth).
   309 | D:1      | 309 ||| Stepping ~*~*~tactically~*~*~ (stealth).
   352 | D:1      | You fall into a shaft and drop 1 floor!
   352 | D:2      | Found a faded altar of an unknown god.
   413 | D:2      | 413 ||| READING 2 scrolls labelled YTEOFA IJUNEQEA.
   414 | D:2      | 414 ||| READING scroll labelled GENWEW CIECUIWKAR.
   415 | D:2      | 415 ||| READING scroll labelled SIEZABB CEAXI.
   481 | D:1      | Reached skill level 3 in Axes
   507 | D:1      | Reached XP level 3. HP: 21/23 MP: 3/3
   947 | D:1      | 947 ||| DROPPING ring of magical power.
   948 | D:1      | 948 ||| READING scroll labelled JACRIY OGIOKU.
   949 | D:1      | 949 ||| DRINKING 2 murky brown potions.
  1087 | D:2      | 1087 ||| Stepping ~*~*~tactically~*~*~ (stealth).
  1252 | D:2      | Found a blossoming altar of Fedhas.
  1510 | D:2      | 1510 ||| Stepping ~*~*~tactically~*~*~ (hiding).
  1512 | D:2      | 1512 ||| Stepping ~*~*~tactically~*~*~ (hiding).
  1846 | D:2      | 1846 ||| READING scroll labelled KOCUCU BIPS.
  1850 | D:2      | 1850 ||| READING 2 scrolls labelled MAACZOERA.
  1851 | D:2      | 1851 ||| READING scroll labelled SITAFARAINN.
  1852 | D:2      | 1852 ||| READING scroll labelled HAOT VELISEMN.
  1853 | D:2      | 1853 ||| DROPPING scroll of poison.
  1905 | D:3      | 1905 ||| Stepping ~*~*~tactically~*~*~ (stealth).
  1906 | D:3      | 1906 ||| Stepping ~*~*~tactically~*~*~ (stealth).
  1948 | D:3      | 1948 ||| Stepping ~*~*~tactically~*~*~ (stealth).
  1957 | D:3      | Reached XP level 4. HP: 21/28 MP: 4/4
  1997 | D:3      | 1997 ||| Stepping ~*~*~tactically~*~*~ (stealth).
  2018 | D:3      | 2018 ||| Stepping ~*~*~tactically~*~*~ (stealth).
  2027 | D:3      | Reached skill level 4 in Axes
  2118 | D:3      | Noticed Natasha
  2119 | D:3      | 2119 ||| Stepping ~*~*~tactically~*~*~ (hiding).
  2120 | D:3      | 2120 ||| Stepping ~*~*~tactically~*~*~ (hiding).
  2121 | D:3      | 2121 ||| Stepping ~*~*~tactically~*~*~ (hiding).
  2123 | D:3      | 2123 ||| Stepping ~*~*~tactically~*~*~ (hiding).
  2130 | D:3      | Killed Natasha
  2131 | D:3      | Reached XP level 5. HP: 32/32 MP: 5/5
  2244 | D:3      | Found a bloodstained altar of Trog.
  2462 | D:3      | Noticed Natasha
  2463 | D:3      | 2463 ||| Stepping ~*~*~tactically~*~*~ (hiding).
  2470 | D:3      | Killed Natasha
  2599 | D:3      | 2599 ||| DROPPING ring of flight.
  2600 | D:3      | 2600 ||| READING scroll labelled QYMU SISOE.
  2601 | D:3      | 2601 ||| DRINKING 2 glowing white potions.
  2602 | D:3      | 2602 ||| READING 2 scrolls of identify.
  2602 | D:3      | 2602 ||| IDENTIFYING black potion
  2671 | D:4      | Reached skill level 5 in Axes
  2689 | D:4      | HP: 8/32 [something (3)]
  2696 | D:4      | 2696 ||| DRINKING potion of curing.
  2696 | D:4      | 2696 ||| (to cure confusion)
  2785 | D:4      | 2785 ||| DROPPING +0 whip.
  2786 | D:4      | Found a sparkling altar of Nemelex Xobeh.
  2839 | D:4      | Reached XP level 6. HP: 38/38 MP: 6/6
  2888 | D:4      | 2888 ||| DROPPING +2 whip of freezing.
  3013 | D:4      | Found a staircase to the Ecumenical Temple.
  3014 | D:4      | 3014 ||| PLANNING TEMPLE
  3014 | D:4      | 3014 ||| UPGRADING to +0 pair of gloves.
  3019 | D:4      | 3019 ||| UPGRADING to amulet of guardian spirit.
  3026 | D:4      | 3026 ||| Stepping ~*~*~tactically~*~*~ (stealth).
  3031 | D:4      | 3031 ||| Stepping ~*~*~tactically~*~*~ (stealth).
  3037 | Temple   | Entered the Ecumenical Temple
  3088 | Temple   | 3088 ||| PLANNING OKAWARU WORSHIP
  3106 | Temple   | Became a worshipper of Warmaster Okawaru
  3106 | Temple   | 3106 ||| PLANNING D:1-11
  3107 | Temple   | 3107 ||| REMOVING amulet of guardian spirit.
  3319 | D:4      | Reached skill level 1 in Throwing
  3695 | D:4      | 3695 ||| READING 2 scrolls of identify.
  3695 | D:4      | 3695 ||| IDENTIFYING fuming orange potion
  3741 | D:5      | Entered Level 5 of the Dungeon
  3742 | D:5      | 3742 ||| PLANNING SEWER
  3792 | D:5      | Reached skill level 1 in Dodging
  3852 | D:5      | Found a glowing drain.
  3867 | Sewer    | Entered a sewer
  4116 | Sewer    | 4116 ||| Stepping ~*~*~tactically~*~*~ (water).
  4182 | Sewer    | Reached XP level 7. HP: 43/43 MP: 7/7
  4225 | Sewer    | 4225 ||| Stepping ~*~*~tactically~*~*~ (water).
  4229 | Sewer    | Reached skill level 6 in Axes
  4255 | Sewer    | 4255 ||| READING 2 scrolls labelled MAJIDY JI WEWN.
  4256 | Sewer    | 4256 ||| READING scroll labelled PYIFAKL WOGIW.
  4257 | Sewer    | 4257 ||| DROPPING +0 flail.
  4258 | Sewer    | 4258 ||| DRINKING 2 fizzy orange potions.
  4258 | Sewer    | Gained mutation: You are strong-willed. (Will+) [potion of
                  | mutation]
  4258 | Sewer    | Gained mutation: Your flesh is heat resistant. (rF+)
                  | [potion of mutation]
  4259 | Sewer    | 4259 ||| DROPPING scroll of fear.
  4263 | D:5      | 4263 ||| PLANNING D:1-11
  4355 | D:5      | Reached * piety under Okawaru
  4393 | D:5      | Reached skill level 7 in Axes
  4393 | D:5      | Reached skill level 1 in Invocations
  4434 | D:5      | 4434 ||| INVOKING Heroism.
  4557 | D:5      | 4557 ||| INVOKING Heroism.
  4562 | D:5      | Reached XP level 8. HP: 48/48 MP: 6/10
  4726 | D:5      | Reached skill level 3 in Invocations
  4740 | D:5      | 4740 ||| INVOKING Heroism.
  4980 | D:5      | 4980 ||| DRINKING 2 metallic blue potions.
  5023 | D:5      | 5023 ||| READING 3 scrolls of identify.
  5023 | D:5      | 5023 ||| IDENTIFYING smoky yellow potion
  5024 | D:5      | 5024 ||| READING 2 scrolls of identify.
  5024 | D:5      | 5024 ||| IDENTIFYING silvery potion
  5025 | D:5      | 5025 ||| DROPPING potion of ambrosia.
  5026 | D:5      | 5026 ||| DROPPING potion of berserk rage.
  5075 | D:6      | 5075 ||| INVOKING Heroism.
  5090 | D:6      | 5090 ||| Stepping ~*~*~tactically~*~*~ (stealth).
  5215 | D:6      | Found Detsaoll's Distillery.
  5220 | D:6      | 5220 ||| INVOKING Heroism.
  5242 | D:6      | 5242 ||| BUYING 2 potions of curing (78 gold).
  5242 | D:6      | Bought 2 potions of curing for 78 gold pieces
  5242 | D:6      | 5242 ||| BUYING potion of curing (39 gold).
  5242 | D:6      | Bought a potion of curing for 39 gold pieces
  5242 | D:6      | 5242 ||| BUYING potion of lignification (39 gold).
  5242 | D:6      | Bought a potion of lignification for 39 gold pieces
  5242 | D:6      | 5242 ||| BUYING potion of magic (104 gold).
  5242 | D:6      | Bought a potion of magic for 104 gold pieces
  5242 | D:6      | 5242 ||| BUYING potion of magic (104 gold).
  5242 | D:6      | Bought a potion of magic for 104 gold pieces
  5253 | D:6      | 5253 ||| FLEEEEING.
  5254 | D:6      | 5254 ||| FLEEEEING.
  5255 | D:6      | 5255 ||| STAIRDANCE
  5357 | D:5      | 5357 ||| DROPPING +2 leather armour of fire resistance.
  5358 | D:5      | 5358 ||| UPGRADING to +0 chain mail.
  5368 | D:5      | 5368 ||| DROPPING +0 scale mail.
  5371 | D:6      | 5371 ||| STAIRDANCE
  5423 | D:6      | 5423 ||| STAIRDANCE
  5427 | D:5      | 5427 ||| INVOKING Heroism.
  5525 | D:6      | 5525 ||| STAIRDANCE
  5528 | D:5      | 5528 ||| INVOKING Heroism.
  5536 | D:5      | Reached skill level 8 in Axes
  5588 | D:6      | 5588 ||| INVOKING Heroism.
  5599 | D:6      | Reached skill level 6 in Fighting
  5625 | D:6      | 5625 ||| Stepping ~*~*~tactically~*~*~ (stealth).
  5716 | D:6      | Found Peseo's CLEARANCE SALE!.
  5726 | D:6      | 5726 ||| BUYING +0 pair of boots (22 gold).
  5726 | D:6      | Bought a +0 pair of boots for 22 gold pieces
  5726 | D:6      | 5726 ||| SHOPLISTING +2 chain mail of cold resistance (107
                  | gold, have 67).
  5736 | D:6      | Found a stormy altar of Qazlal.
  5858 | D:6      | 5858 ||| Stepping ~*~*~tactically~*~*~ (stealth).
  6047 | D:6      | Found a burning altar of Makhleb.
  6047 | D:6      | Noticed an Executioner
  6050 | D:6      | Noticed a ynoxinul
  6050 | D:6      | Noticed an orange demon
  6113 | D:6      | Noticed a slime creature
  6131 | D:6      | Killed a slime creature
  6132 | D:6      | Reached XP level 9. HP: 38/55 MP: 12/12
  6132 | D:6      | 6132 ||| INVOKING Heroism.
  6258 | D:6      | 6258 ||| UPGRADING to +0 pair of boots.
  6263 | D:6      | 6263 ||| UPGRADING to +1 pair of gloves.
  6273 | D:6      | 6273 ||| DROPPING +0 pair of gloves.
  6274 | D:6      | 6274 ||| READING scroll labelled VUOCVEL ARECW.
  6365 | D:7      | Noticed Pikel
  6374 | D:7      | 6374 ||| INVOKING Heroism.
  6379 | D:7      | Killed Pikel
  6379 | D:7      | Reached ** piety under Okawaru
  6380 | D:7      | Reached skill level 9 in Axes
  6391 | D:7      | 6391 ||| Stepping ~*~*~tactically~*~*~ (hiding).
  6399 | D:7      | 6399 ||| Stepping ~*~*~tactically~*~*~ (hiding).
  6401 | D:7      | 6401 ||| Stepping ~*~*~tactically~*~*~ (hiding).
  6482 | D:7      | 6482 ||| Stepping ~*~*~tactically~*~*~ (stealth).
  6483 | D:7      | 6483 ||| Stepping ~*~*~tactically~*~*~ (stealth).
  6492 | D:7      | 6492 ||| Stepping ~*~*~tactically~*~*~ (stealth).
  6533 | D:7      | Noticed Joseph
  6539 | D:7      | 6539 ||| INVOKING Heroism.
  6544 | D:7      | Killed Joseph
  6630 | D:7      | 6630 ||| INVOKING Heroism.
  6728 | D:7      | 6728 ||| Stepping ~*~*~tactically~*~*~ (hiding).
  6732 | D:7      | 6732 ||| INVOKING Heroism.
  6769 | D:7      | 6769 ||| Stepping ~*~*~tactically~*~*~ (stealth).
  6774 | D:7      | Found a hazy altar of Hepliaklqana.
  6786 | D:7      | Found a flagged portal.
  6806 | D:7      | Found a runed translucent door.
  6807 | D:7      | Noticed Crazy Yiuf
  6819 | D:7      | 6819 ||| Stepping ~*~*~tactically~*~*~ (stealth).
  6974 | D:7      | Noticed Maggie
  6978 | D:7      | 6978 ||| INVOKING Heroism.
  6980 | D:7      | Killed Maggie
  6981 | D:7      | Reached XP level 10. HP: 40/64 MP: 10/13
  7000 | D:7      | 7000 ||| Stepping ~*~*~tactically~*~*~ (stealth).
  7134 | D:7      | 7134 ||| Stepping ~*~*~tactically~*~*~ (hiding).
  7210 | D:7      | Found a blossoming altar of Fedhas.
  7230 | D:7      | Noticed an oklob plant
  7231 | D:7      | 7231 ||| INVOKING Heroism.
  7245 | D:7      | 7245 ||| INVOKING Heroism.
  7304 | D:7      | 7304 ||| INVOKING Heroism.
  7315 | D:7      | Killed an oklob plant
  7316 | D:7      | Reached skill level 10 in Axes
  7889 | D:7      | 7889 ||| READING scroll labelled PUGREY QIERHIGH.
  7890 | D:7      | 7890 ||| READING scroll labelled BEAKKELIGA.
  8012 | D:8      | Identified the +5 long sword "Syerir" {drain, rF+ Int+3}
  8040 | D:8      | Reached *** piety under Okawaru
  8048 | D:8      | 8048 ||| INVOKING Heroism.
  8055 | D:8      | Reached skill level 11 in Axes
  8065 | D:8      | Reached skill level 6 in Armour
  8070 | D:8      | Reached **** piety under Okawaru
  8085 | D:8      | 8085 ||| INVOKING Heroism.
  8094 | D:8      | Reached XP level 11. HP: 26/69 MP: 11/14
  8257 | D:8      | 8257 ||| READING scroll of brand weapon.
  8257 | D:8      | 8257 ||| BRANDING +1 war axe of flaming.
  8321 | D:8      | Found a staircase to the Lair.
  8455 | D:8      | Found an opulent altar of Gozag.
  8594 | D:8      | 8594 ||| INVOKING Heroism.
  8595 | D:8      | 8595 ||| Stepping ~*~*~tactically~*~*~ (hiding).
  8596 | D:8      | 8596 ||| Stepping ~*~*~tactically~*~*~ (hiding).
  8683 | D:8      | Reached skill level 9 in Fighting
  8743 | D:8      | 8743 ||| INVOKING Heroism.
  8826 | D:8      | 8826 ||| PLANNING LAIR
  8851 | Lair:1   | Entered Level 1 of the Lair of Beasts
  8861 | Lair:1   | Noticed Sonja
  8865 | Lair:1   | 8865 ||| INVOKING Heroism.
  8878 | Lair:1   | Reached skill level 6 in Invocations
  8879 | Lair:1   | HP: 15/71 [Sonja/+2 short sword of distortion (24)]
  8880 | Lair:1   | 8880 ||| READING 7 scrolls of teleportation.
  8881 | Lair:1   | 8881 ||| DRINKING 4 potions of heal wounds.
  8883 | Lair:1   | 8883 ||| DRINKING 3 potions of heal wounds.
  8891 | Lair:1   | 8891 ||| FLEEEEING.
  8892 | Lair:1   | 8892 ||| FLEEEEING.
  8896 | Lair:1   | 8896 ||| Stepping ~*~*~tactically~*~*~ (hiding).
  8898 | Lair:1   | 8898 ||| Stepping ~*~*~tactically~*~*~ (hiding).
  8900 | Lair:1   | HP: 15/71 [blink frog (6)]
  8901 | Lair:1   | 8901 ||| READING 6 scrolls of teleportation.
  8901 | Lair:1   | Slain by Sonja

Levels and vault maps discovered:
D:1:      enne_arrival_octagon_isle, layout_basic
D:2:      layout_basic, basic_altar, hellmonk_ecumenical_altar_crossroads
D:3:      layout_basic, lightli_temple_of_fire, palyth_stone_intersect,
          uniq_natasha
D:4:      layout_loops_corners, mainiacjoe_overflow_six_doors_small,
          minmay_temple_entry_offerings
D:5:      layout_gridville, cheibrodos_sewer_entry_sluice, nrook_mini_backslash
D:6:      lemuel_slime, layout_rooms, makhleb_altar_promises_db,
          grunt_qazlal_sundering, serial_curves, eino_curves_02, eino_curves_03,
          eino_curves_02, serial_shops, nicolae_shop_industrial_runoff,
          nicolae_shop_clearance
D:7:      layout_loops_ring, tgw_fedhas, worldfamousw_hep_ancestral_shrine,
          enter_bailey_5, hangedman_decor_lopped, uniq_maggie,
          uniq_crazy_yiuf_cottage, uniq_pikel, uniq_joseph
D:8:      layout_basic, mainiacjoe_overflow_catwalk, minmay_lair_entry_grove,
          minivault_23
Temple:   compressed_dpeg_circular_temple
Lair:1:   cheibrodos_lair_river_kwai, layout_regular_city, grunt_megastairs_4,
          serial_bayou_shore_b, lemuel_fruit_tree, uniq_sonja

Skill      XL: |  1  2  3  4  5  6  7  8  9 10 11 |
---------------+----------------------------------+-----
Axes           | 2 3 4 5 7 8 9 11 | 11.3
Throwing       | 1 2 |  2.0
Fighting       | 4 6 7 8 9 |  9.0
Dodging        | 1 2 |  2.3
Invocations    | 2 4 5 6 |  6.2
Armour         | 5 6 |  6.1
Shields        | 5 |  5.3

Action                     |  1- 3 |  4- 6 |  7- 9 | 10-12 || total
---------------------------+-------+-------+-------+-------++-------
  Melee: War axe           |   132 |   157 |   174 |   145 ||   608
         Unarmed           |       |     5 |       |       ||     5
  Throw: Javelin           |       |    37 |    31 |       ||    68
         Boomerang         |       |       |     8 |    23 ||    31
 Invoke: Heroism           |       |       |    14 |     8 ||    22
    Use: Scroll            |     8 |     3 |     5 |     5 ||    21
         Potion            |     1 |     2 |     2 |     2 ||     7
   Stab: Distracted        |       |       |       |     2 ||     2
 Armour: Scale mail        |    55 |    92 |    32 |       ||   179
         Skin              |       |     1 |       |       ||     1
         Chain mail        |       |       |    50 |    81 ||   131
  Dodge: Dodged            |    54 |    52 |    54 |    54 ||   214
  Block: Buckler           |    22 |    22 |    33 |    30 ||   107

Table legend:
 A = Non-vault XP
 B = Vault XP
 C = Vault XP percentage of total XP
 D = Non-vault monster count
 E = Vault monster count
 F = Vault count percentage of total count
                 A         B        C        D         E       F
            +---------+---------+-------+---------+---------+-------
      Total |    6455 |    5057 |  43.9 |     152 |      87 |  36.4
            +---------+---------+-------+---------+---------+-------
        D:1 |      37 |       0 |   0.0 |      23 |       0 |   0.0
        D:2 |      31 |       0 |   0.0 |      16 |       0 |   0.0
        D:3 |     118 |      35 |  22.9 |      21 |       1 |   4.5
        D:4 |     165 |       0 |   0.0 |      19 |       0 |   0.0
        D:5 |    1069 |       7 |   0.7 |      17 |       3 |  15.0
        D:6 |     566 |     520 |  47.9 |      15 |      18 |  54.5
        D:7 |     946 |    2100 |  68.9 |      19 |       8 |  29.6
        D:8 |    2335 |    1948 |  45.5 |      18 |      13 |  41.9
     Lair:1 |    1188 |     136 |  10.3 |       4 |       1 |  20.0
      Sewer |       0 |     311 | 100.0 |       0 |      43 | 100.0
            +---------+---------+-------+---------+---------+-------
